 Dungeon Crawl Stone Soup version 0.29-a0-317-gd16b76e6b1 (webtiles) character file.

Game seed: 2270149217942651009

6404 kae the Arsonist (level 10, 0/59 HPs)
             Began as a Tengu Fire Elementalist on Mar 31, 2022.
             Was an Initiate of Vehumet.
             Succumbed to a killer bee's poison
             ... on level 10 of the Dungeon.
             The game lasted 00:07:48 (13889 turns).

kae the Arsonist (Tengu Fire Elementalist)         Turns: 13889, Time: 00:07:48

Health: 0/59       AC: 12    Str:  9    XL:     10   Next: 98%
Magic:  10/19      EV: 17    Int: 20    God:    Vehumet [......]
Gold:   482        SH:  0    Dex: 14    Spells: 7/20 levels left

rFire   + . .      SeeInvis .   r - staff of fire
rCold   . . .      Faith    .   (no shield)
rNeg    + . .      Spirit   .   b - +1 steam dragon scales
rPois   .          Reflect  .   (helmet restricted)
rElec   .          Harm     .   p - +1 cloak
rCorr   +          Rampage  .   t - +2 pair of gloves
Will    .....                   (boots unavailable)
Stlth   ++........              n - amulet of magic regeneration
HPRegen 0.19/turn               l - ring of positive energy
MPRegen 0.56/turn               s - ring of resist corrosion

@: lethally poisoned (0 -> -2), flying quickly and evasively, quick
A: beak, talons 3, nimble flight
a: Renounce Religion


You were on level 10 of the Dungeon.
You worshipped Vehumet.
Vehumet was noncommittal.
You visited 2 branches of the dungeon, and saw 11 of its levels.

You collected 482 gold pieces.

Inventory:

Hand Weapons
 f - a +1 vorpal short sword
Armour
 b - +1 steam dragon scales (worn)
 p - a +1 cloak (worn)
 t - a +2 pair of gloves (worn)
Magical Staves
 i - a staff of conjuration
 r - a staff of fire (weapon)
Jewellery
 l - a ring of positive energy (left hand)
 n - an amulet of magic regeneration (around neck)
 s - a ring of resist corrosion (right hand)
Wands
 e - a wand of polymorph (7)
 g - a wand of paralysis (15)
 A - a wand of acid (1)
 B - a wand of flame (14)
Scrolls
 x - 3 scrolls of blinking
 y - 2 scrolls of teleportation
Potions
 a - 2 potions of heal wounds
 c - 2 potions of might
 d - 4 potions of brilliance
 h - 2 potions of cancellation
 j - a potion of haste
 k - a potion of mutation
 m - 6 potions of degeneration
 o - 4 potions of lignification
 q - a potion of resistance
 u - a potion of ambrosia
 v - 4 potions of curing
 w - a potion of berserk rage {unknown}


   Skills:
 + Level 5.4 Fighting
 + Level 6.0 Armour
 + Level 6.6 Dodging
 - Level 2.0 Stealth
 + Level 5.7 Spellcasting
 + Level 7.4 Conjurations
 * Level 9.8 Fire Magic
 + Level 5.3 Evocations


You had 7 spell levels left.
You knew the following spells:

 Your Spells              Type           Power      Damage    Failure   Level
a - Foxfire               Conj/Fire      100%       2x1d9     1%          1
b - Scorch                Fire           100%       2d10      1%          2
c - Conjure Flame         Conj/Fire      57%        6-21      1%          3
d - Inner Flame           Hex/Fire       38%        N/A       4%          3
e - Flame Wave            Conj/Fire      57%        2d11      3%          4

Your spell library contained the following spells:

 Spells                   Type           Power      Damage    Failure   Level
 Stone Arrow              Conj/Erth      40%        3d9       7%          3
 Sandblast                Erth           10%        2d5       11%         1
 Passwall                 Tmut/Erth      4%         N/A       16%         2
 Sublimation of Blood     Necr           5%         N/A       16%         2
 Wereblood                Tmut           5%         N/A       16%         2
 Summon Hydra             Summ           2%         N/A       100%        7


Dungeon Overview and Level Annotations

Branches:
Dungeon (10/15)            Temple (1/1) D:6            Lair (0/6) D:10
    Orc: D:9-12

Altars:
Ashenzari
Cheibriados
Dithmenos
Elyvilon
Fedhas
Gozag
Hepliaklqana
Kikubaaqudgha
Makhleb
Nemelex Xobeh
Okawaru
Qazlal
Ru
Sif Muna
Trog
Vehumet
Wu Jian
Xom
Yredelemnul
Zin
The Shining One

Shops:
D:4 [

Annotations:
D:3 Grinder
D:4 Pikel


Innate Abilities, Weirdness & Mutations

You have a beak for a mouth.
You have claws for feet.
Your magical nature lets you fly swiftly and evasively.


Message History

Press: ? - help, Dir - look around, f - activate You feel a surge of power!
A wave of flame ripples out!
The flame wave engulfs the killer bee!!
You kill the killer bee!
Vehumet accepts your kill. (Press . to intensify the flame waves.)
You feel very sick.
The water moccasin completely misses you.
A wave of flame ripples out!
The flame wave engulfs the water moccasin.
Flame seeps out of the water moccasin.
The water moccasin is lightly wounded.
The flame wave engulfs the scorpion!
The scorpion is heavily wounded.
You feel sick.
The water moccasin is engulfed in blazing flames.
Flame seeps out of the water moccasin.
The water moccasin barely misses you.
A wave of flame ripples out!
The flame wave engulfs the water moccasin!
Vehumet accepts your kill.
The flame wave engulfs the scorpion.
The scorpion is heavily wounded.
You finish channelling waves of flame.
The water moccasin explodes!
The fiery explosion engulfs you! You resist.
The fiery explosion engulfs the scorpion!!
You kill the scorpion!
Vehumet accepts your kill.
You are engulfed in blazing flames.
You resist.
* * * LOW HITPOINT WARNING * * *
You feel sick.
You hear a loud, deep croak!
You are engulfed in blazing flames.
You resist.
* * * LOW HITPOINT WARNING * * *
x2 You feel sick.
* * * LOW HITPOINT WARNING * * *
You feel sick.
* * * LOW HITPOINT WARNING * * *
You feel sick.
You die...

###########
#<...@..§§#
#########†# #†# #
#.# ##.# #)# .....
### #†##.....#
...########†........
#.........###.....#
##......)..# ....#


There were no monsters in sight!

Vanquished Creatures
  A deep elf pyromancer (D:9)
  Maggie (D:6)
  Prince Ribbit (D:9)
  3 wyverns
  2 steam dragons (D:8)
  4 yaks (D:9)
  A water moccasin (D:10)
  Duvessa (D:6)
  2 orc warriors
  3 sky beasts
  A black bear (D:10)
  5 ogres
  4 centaurs
  3 phantoms
  3 bullfrogs
  4 necrophages
  3 gnoll sergeants
  3 scorpions
  6 wights
  Dowan (D:6)
  6 killer bees (D:10)
  8 howler monkeys
  A jelly (D:5)
  2 orc priests (D:6)
  A gnoll shaman (D:7)
  2 hounds
  4 iguanas
  Natasha (thrice) (D:3)
  7 orc wizards
  16 gnolls
  6 adders
  3 white imps
  A worm (D:3)
  A dart slug (D:1)
  12 orcs
  8 ball pythons
  4 endoplasms
  2 giant cockroaches
  16 goblins
  13 hobgoblins
  3 jackals (D:3)
  5 quokkas
  5 bats
  2 frilled lizards
  8 kobolds
  5 rats
196 creatures vanquished.

Vanquished Creatures (collateral kills)
  2 foxfires (D:10)
2 creatures vanquished.

Vanquished Creatures (others)
  An orc wizard (D:4)
  An orc (D:8)
  590 foxfires
  20 fungi (D:10)
  19 plants (D:10)
631 creatures vanquished.

Grand Total: 829 creatures vanquished

Notes
Turn   | Place    | Note
-------+----------+-------------------------------------------
     0 | D:1      | kae the Tengu Fire Elementalist began the quest for the
                  | Orb.
     0 | D:1      | Reached XP level 1. HP: 10/10 MP: 4/4
   546 | D:1      | You fall into a shaft and drop 1 floor!
   701 | D:2      | Reached XP level 2. HP: 16/16 MP: 1/6
   986 | D:2      | Found a faded altar of an unknown god.
  1369 | D:1      | Reached XP level 3. HP: 20/20 MP: 7/7
  1443 | D:1      | Reached skill level 1 in Armour
  2892 | D:3      | Noticed a phantom
  2904 | D:3      | Killed a phantom
  2905 | D:3      | Reached skill level 1 in Fighting
  2905 | D:3      | Reached skill level 4 in Fire Magic
  2905 | D:3      | Reached skill level 1 in Evocations
  2905 | D:3      | Reached XP level 4. HP: 22/25 MP: 2/8
  2905 | D:3      | Gained mutation: Your magical nature lets you fly swiftly
                  | and evasively. [Tengu growth]
  2905 | D:3      | Reached XP level 5. HP: 26/29 MP: 2/9
  2974 | D:3      | Learned a level 2 spell: Scorch
  2978 | D:3      | Learned a level 3 spell: Conjure Flame
  3328 | D:3      | Noticed Grinder
  3970 | D:3      | Found a glowing silver altar of Zin.
  3970 | D:3      | Found a glowing golden altar of the Shining One.
  3972 | D:3      | Found a white marble altar of Elyvilon.
  3997 | D:3      | Reached XP level 6. HP: 24/34 MP: 8/11
  4308 | D:3      | Noticed Natasha
  4320 | D:3      | Killed Natasha
  4425 | D:3      | Noticed Natasha
  4428 | D:3      | Killed Natasha
  4445 | D:3      | Noticed Natasha
  4448 | D:3      | Killed Natasha
  4449 | D:3      | Reached skill level 5 in Fire Magic
  5058 | D:4      | Reached XP level 7. HP: 30/40 MP: 6/12
  5240 | D:4      | Noticed Pikel
  5675 | D:4      | HP: 2/40 [poisoned by an orc wizard]
  6038 | D:4      | Found Zyagg's Armour Shop.
  6402 | D:5      | Entered Level 5 of the Dungeon
  6449 | D:5      | Reached skill level 6 in Fire Magic
  6927 | D:5      | Found an opulent altar of Gozag.
  7080 | D:5      | Reached XP level 8. HP: 39/45 MP: 2/14
  7622 | D:6      | Noticed Duvessa
  7622 | D:6      | Noticed Dowan
  7640 | D:6      | Killed Duvessa
  7653 | D:6      | Killed Dowan
  7743 | D:6      | Noticed Maggie
  7758 | D:6      | Killed Maggie
  7945 | D:6      | Reached skill level 7 in Fire Magic
  8071 | D:6      | Found a staircase to the Ecumenical Temple.
  8097 | D:6      | Reached skill level 5 in Conjurations
  8105 | D:6      | Reached XP level 9. HP: 31/51 MP: 5/16
  8240 | Temple   | Entered the Ecumenical Temple
  9140 | D:6      | Reached skill level 5 in Dodging
  9735 | D:7      | Reached skill level 8 in Fire Magic
  9740 | D:7      | Paralysed by a gnoll for 6 turns
  9749 | D:7      | Paralysed by a gnoll for 4 turns
 11005 | D:7      | Reached skill level 5 in Armour
 11222 | D:8      | Reached XP level 10. HP: 50/58 MP: 7/18
 11320 | D:8      | Identified the +4 hunting sling "Qauwnoz" {venom, rElec
                  | Str+3 Int+3 Dex-4}
 11326 | D:8      | Reached skill level 5 in Spellcasting
 11755 | D:8      | Found a hazy altar of Hepliaklqana.
 11756 | D:8      | Found an ornate altar of the Wu Jian Council.
 11756 | D:8      | Found a shadowy altar of Dithmenos.
 11758 | D:8      | Found a radiant altar of Vehumet.
 11758 | D:8      | Found a sacrificial altar of Ru.
 11760 | D:8      | Found a sparkling altar of Nemelex Xobeh.
 11760 | D:8      | Found a bloodstained altar of Trog.
 11883 | D:8      | Became a worshipper of Vehumet
 11932 | D:9      | Noticed Prince Ribbit
 12154 | D:8      | Reached skill level 9 in Fire Magic
 12478 | D:9      | Killed Prince Ribbit
 12871 | D:9      | Reached skill level 5 in Fighting
 12996 | D:9      | Noticed a cyclops
 13145 | D:9      | Learned a level 3 spell: Inner Flame
 13150 | D:9      | Learned a level 4 spell: Flame Wave
 13264 | D:9      | Reached skill level 5 in Evocations
 13529 | D:9      | Noticed a deep elf pyromancer
 13537 | D:9      | Killed a deep elf pyromancer
 13699 | D:10     | Entered Level 10 of the Dungeon
 13833 | D:10     | Found a staircase to the Lair.
 13887 | D:10     | HP: 2/59 [poisoned by a killer bee]
 13889 | D:10     | Succumbed to a killer bee's poison

Illustrated notes

Levels and vault maps discovered:
D:1:      lightli_arrival_chessboard, layout_loops_corners,
          minmay_misc_feat_square, minmay_3d_cube
D:2:      layout_rooms, basic_ecumenical_altar, minmay_door_square,
          minmay_tiny_reverse_x
D:3:      minmay_evil_eye, layout_loops_cross, dreamdust_divine_triumvirate,
          minmay_misc_feat_diagonals, kennysheep_generic_room_4, uniq_natasha,
          uniq_grinder
D:4:      layout_cave_pods, serial_shops, nicolae_take_the_stairs, st_stairs_7,
          kennysheep_path_1, roderic_nine_men_s_morris, minmay_crystal_room,
          eino_tiny_chamber, minmay_a_box_with_orc_wizards_in_it, uniq_pikel
D:5:      layout_loops_corners, grunt_gozag_statues, hex_medium,
          hangedman_decor_points
D:6:      layout_basic, minmay_temple_entry_drinking_statues, uniq_maggie,
          uniq_duvessa
D:7:      layout_loops_ring, enter_bailey_5
D:8:      layout_rooms, grunt_temple_overflow_open, serial_rivers,
          chequers_serial_rivers_micro_c, chequers_serial_rivers_large_a,
          chequers_serial_rivers_micro_e, chequers_serial_rivers_micro_e,
          minmay_misc_feat_hallway
D:9:      layout_loops_ring, kennysheep_generic_room_3, uniq_prince_ribbit1
D:10:     layout_basic, nicolae_uskayaw_suspiria, due_lair_maze_entry_diamond,
          minmay_orc_entry_temple_small
Temple:   dpeg_chambers_temple

Skill      XL: |  1  2  3  4  5  6  7  8  9 10 |
---------------+-------------------------------+-----
Armour         | 1 2 3 4 5 6 |  6.0
Conjurations   | 2 3 4 5 6 7 |  7.4
Fighting       | 1 2 3 4 5 |  5.4
Fire Magic     | 4 5 6 7 8 9 |  9.8
Evocations     | 1 2 3 4 5 |  5.3
Dodging        | 3 4 5 6 |  6.6
Spellcasting   | 3 4 5 |  5.7
Stealth        | |  2.0

Action                   |  1- 3 |  4- 6 |  7- 9 | 10-12 || total
-------------------------+-------+-------+-------+-------++-------
Melee: Unarmed           |     6 |       |       |       ||     6
       Short sword       |     4 |       |       |       ||     4
       Staff             |    48 |    45 |    59 |     3 ||   155
       Kick              |    17 |    15 |    14 |     1 ||    47
       Peck              |     9 |     4 |    17 |       ||    30
 Cast: Foxfire           |    59 |    59 |   171 |    67 ||   356
       Scorch            |       |    10 |    72 |    17 ||    99
       Conjure Flame     |       |     1 |     6 |     2 ||     9
       Flame Wave        |       |       |       |     4 ||     4
       Inner Flame       |       |       |       |     3 ||     3
Evoke: Wand              |       |       |       |     2 ||     2
  Use: Scroll            |     3 |     4 |    10 |     3 ||    20
       Potion            |       |       |     5 |       ||     5
 Stab: Sleeping          |     2 |       |       |       ||     2
Armor: Robe              |    30 |    18 |    20 |       ||    68
       Steam dragon scal |       |       |    33 |    11 ||    44
Dodge: Dodged            |    53 |    63 |   147 |    59 ||   322

Table legend: (Time is in decaauts)
 A = Elapsed time spent in this place.
 B = Non-inter-level travel time spent in this place.
 C = Inter-level travel time spent in this place.
 D = Time resting spent in this place.
 E = Time spent auto-exploring this place.
 F = Levels seen in this place.
 G = Mean time per level.
                   A        B        C        D        E       F      G
               +--------+--------+--------+--------+--------+-----+--------+
         Total |  13410 |  12959 |    451 |   1744 |   9270 |  11 | 1219.1 |
       Dungeon |  13203 |  12777 |    426 |   1744 |   9095 |  10 | 1320.3 |
        Temple |    206 |    181 |     25 |      0 |    174 |   1 |  206.0 |
               +--------+--------+--------+--------+--------+-----+--------+

Top non-repeatable levels by time:
     D:3: 2045 daAuts
     D:1: 1875 daAuts
     D:7: 1697 daAuts
     D:6: 1378 daAuts
     D:9: 1367 daAuts
     D:4: 1329 daAuts
     D:8: 1158 daAuts
     D:5: 1139 daAuts
     D:2: 1025 daAuts
  Temple: 206 daAuts
    D:10: 186 daAuts
